Map: Triton LE

Players

llllllllllll (Trap) - Winner!

  • Race: Protoss Protoss
  • League: Master
  • Spawn Location: 5:00

Cure

  • Race: Terran Terran
  • League: Master
  • Spawn Location: 11:00

Event: HomeStory Cup XX

VOD

Have the link to the VOD?

Description

Time

  • Played on: Nov. 24, 2019, 5:56 a.m.
  • Length: 12:59

All games in this series

Show
View Real Time Build Order
Export as new Build Order

llllllllllll Protoss - Winner!

Build Orders: 1 Gate Expand, Blink Stalkers, Colossus Rush 

Get SALT Encoding   

  12  0:00  Probe  
  13  0:12  Probe  
  14  0:18  Pylon  
  14  0:24  Probe  
  15  0:32  Probe  
  15  0:37  Gateway  
  15  0:40  Probe  
  16  0:46  Assimilator  
  17  0:51  Probe  
  18  1:03  Probe  
  19  1:15  Probe  
  20  1:22  Nexus  
  20  1:29  Cybernetics Core  
  20  1:32  Probe  
  21  1:37  Assimilator  
  21  1:44  Probe  
  22  1:47  Pylon  
  22  1:55  Adept  
  22  1:56  Probe  
  23  2:06  Warp Gate  
  25  2:09  Probe  
  26  2:16  Stalker  
  26  2:17  Twilight Council  
  26  2:21  Probe  
  29  2:30  Probe  
  29  2:33  Probe  
  31  2:38  Blink, Probe  
  32  2:45  Probe  
  32  2:48  Probe  
  36  2:57  Probe  
  37  3:00  Probe  
  36  3:07  Robotics Facility  
  36  3:09  Probe  
  36  3:12  Probe  
  38  3:16  Stalker  
  40  3:21  Pylon, Probe  
  40  3:24  Probe  
  42  3:33  Probe  
  43  3:36  Probe  
  44  3:41  Assimilator  
  44  3:43  Assimilator  
  44  3:45  Probe  
  44  3:46  Gateway  
  44  3:48  Probe, Gateway  
  45  3:53  Pylon  
  45  3:54  Observer  
  45  3:55  Stalker  
  49  3:58  Probe  
  49  4:01  Probe  
  51  4:09  Observer  
  51  4:10  Probe  
  51  4:13  Forge, Probe  
  51  4:14  Robotics Bay  
  54  4:18  Stalker  
  54  4:23  Probe  
  57  4:25  Probe  
  57  4:26  Pylon  
  58  4:35  Probe  
  58  4:37  Probe  
  60  4:46  Protoss Ground Weapons Level 1  
  60  4:50  Colossus  
  58  5:04  Stalker  
  66  5:07  Extended Thermal Lance  
  66  5:09  Nexus  
  66  5:16  Pylon, Stalker  
  68  5:26  Colossus  
  66  5:40  Probe x2  
  68  5:48  Observer, Gateway  
  68  5:49  Gateway  
  74  5:54  Sentry x2  
  74  5:57  Gateway  
  78  6:01  Pylon  
  78  6:05  Charge  
  78  6:06  Colossus  
  78  6:09  Pylon  
  77  6:22  Zealot x2  
  77  6:23  Zealot  
  89  6:35  Gateway  
  89  6:36  Gateway  
  88  6:43  Protoss Ground Armor Level 1, Pylon  
  88  6:46  Zealot x2  
  92  6:48  Zealot  
  92  6:51  Warp Prism  
  92  6:52  Stalker  
  98  7:05  Probe x3  
  101  7:09  Zealot  
  101  7:10  Zealot  
  101  7:14  Zealot  
  105  7:17  Pylon  
  105  7:22  Colossus  
  105  7:25  Zealot x2  
  111  7:44  Stalker x3  
  111  7:49  Zealot x3  
  121  7:53  Pylon  
  121  7:57  Pylon  
  121  8:01  Probe x3  
  120  8:23  Stalker x7  
  120  8:26  Zealot  
  136  8:35  Pylon  
  136  8:36  Pylon  
  132  8:47  Zealot x5  
  139  8:54  Templar Archives  
  137  9:05  Zealot x3, Colossus  
  137  9:08  Zealot x2  
  137  9:09  Zealot  
  102  9:20  Zealot x5  
  106  9:35  Zealot x3  
  106  9:42  Psionic Storm  
  98  9:50  High Templar x3  
  98  9:51  High Templar x2  
  108  9:53  Probe x2  
  110  10:04  Probe  
  110  10:06  Probe  
  111  10:09  Probe  
  112  10:17  High Templar x2  
  116  10:30  Archon  
  116  10:32  Zealot x3  
  116  10:35  Probe x3  
  123  10:43  Probe x2  
  123  10:44  Observer, Probe  
  127  10:54  Probe x2  
  127  10:55  Robotics Facility  
  129  11:03  Sentry x2  
  133  11:05  Disruptor, Probe  
  133  11:06  Probe x2  
  136  11:17  Probe  
  140  11:21  Assimilator  
  140  11:23  Assimilator  
  140  11:24  Pylon  
  140  11:25  Pylon  
  140  11:31  Pylon  
  140  11:36  Disruptor  
  140  11:46  Stalker x3  
  141  11:59  Zealot x4  
  133  12:05  Disruptor  
  102  12:10  Zealot x4  
  77  12:22  Stalker  
  56  12:27  Stalker  
  56  12:37  Stalker  
  56  12:39  Probe x2  
  56  12:40  Probe  
Show
View Real Time Build Order
Export as new Build Order

Cure Terran 

Build Orders: Reaper Expand 

Get SALT Encoding   

  12  0:00  SCV  
  13  0:12  SCV  
  14  0:16  Supply Depot  
  14  0:24  SCV  
  15  0:38  SCV  
  15  0:40  Barracks  
  16  0:43  Refinery  
  16  0:50  SCV  
  17  1:02  SCV  
  18  1:14  SCV  
  19  1:26  Orbital Command, Reaper  
  20  1:39  Command Center  
  20  1:49  Supply Depot  
  20  1:52  SCV  
  21  1:58  Marine  
  22  2:04  SCV  
  23  2:08  Factory  
  23  2:14  Refinery  
  23  2:16  SCV  
  23  2:21  Barracks Reactor  
  24  2:29  SCV  
  25  2:41  SCV  
  26  2:52  Orbital Command  
  26  2:53  SCV  
  26  2:55  Starport  
  26  2:56  Widow Mine  
  26  2:57  Marine x2  
  31  3:05  SCV  
  32  3:15  Marine x2  
  32  3:17  Widow Mine, SCV  
  32  3:18  SCV  
  38  3:23  Supply Depot  
  38  3:29  SCV  
  38  3:30  SCV  
  38  3:32  Medivac  
  38  3:33  Marine x2  
  44  3:39  Widow Mine  
  45  3:41  SCV  
  45  3:43  Barracks  
  45  3:45  SCV  
  45  3:46  Supply Depot  
  47  3:51  Marine x2  
  47  3:53  SCV  
  50  3:57  Barracks, SCV  
  50  4:00  Widow Mine  
  53  4:07  Medivac, SCV  
  56  4:10  SCV  
  56  4:11  Supply Depot  
  56  4:12  Marine  
  56  4:14  Marine  
  59  4:19  SCV  
  59  4:21  Widow Mine  
  62  4:28  Supply Depot  
  62  4:30  Barracks Tech Lab  
  62  4:32  SCV  
  62  4:33  Supply Depot  
  62  4:34  Engineering Bay  
  62  4:36  SCV  
  64  4:40  Marine x2  
  64  4:44  SCV  
  67  4:47  Barracks Tech Lab  
  67  4:50  Marauder, Stimpack  
  66  4:52  SCV  
  66  4:54  Starport Reactor, Factory Reactor  
  66  4:56  SCV  
  66  4:59  Marine x2, Refinery  
  69  5:04  Terran Infantry Weapons Level 1  
  69  5:07  Supply Depot  
  69  5:10  SCV x2  
  69  5:12  Marauder  
  69  5:13  Marauder  
  75  5:19  Marine x2  
  77  5:24  SCV x2  
  77  5:28  Supply Depot  
  77  5:30  Combat Shield  
  77  5:34  Refinery  
  75  5:36  SCV x2  
  75  5:38  Marine x2, Marauder x2  
  83  5:46  Medivac  
  83  5:47  Supply Depot  
  83  5:48  SCV  
  83  5:49  SCV  
  87  5:52  Widow Mine x2  
  87  5:55  Supply Depot  
  87  5:56  Marine x2  
  93  6:00  Marauder x2  
  97  6:06  Supply Depot, SCV  
  97  6:08  SCV  
  99  6:14  Marine x2  
  101  6:24  Marauder x2  
  105  6:28  Medivac  
  105  6:29  Medivac  
  105  6:31  Marine  
  110  6:32  Marine  
  110  6:34  Command Center  
  110  6:35  Supply Depot  
  110  6:39  Widow Mine x2  
  115  6:41  Concussive Shells  
  115  6:49  Marauder  
  115  6:50  Marauder, Marine x2  
  121  6:59  Terran Infantry Armor Level 1  
  121  7:05  SCV x2, Barracks  
  121  7:08  Barracks  
  123  7:11  Viking  
  123  7:13  Viking  
  127  7:19  SCV  
  127  7:20  Supply Depot, SCV  
  129  7:26  Marauder x2  
  133  7:30  Marine  
  133  7:32  Marine  
  133  7:36  Supply Depot  
  133  7:37  SCV  
  133  7:41  SCV  
  135  7:47  Orbital Command  
  135  7:49  SCV  
  135  7:50  Viking x2  
  140  7:53  SCV  
  140  7:55  Barracks Tech Lab, Barracks Reactor  
  140  8:02  Marine x2, Marauder  
  140  8:03  Marauder  
  140  8:04  SCV  
  147  8:05  SCV  
  147  8:11  Supply Depot  
  147  8:12  Supply Depot  
  148  8:19  Marauder  
  142  8:20  Marine x2  
  142  8:21  SCV x2  
  142  8:22  Viking, SCV  
  142  8:24  Marauder  
  142  8:26  Viking  
  153  8:35  Ghost Academy  
  153  8:36  Armory  
  153  8:38  SCV x3  
  156  8:41  Marine x3, Marauder  
  156  8:47  Marine x2, Marauder  
  155  8:56  Viking x2  
  155  8:59  Marine x3  
  162  9:03  Marauder  
  162  9:09  SCV x2  
  133  9:13  Marine, Marauder x2  
  106  9:17  Marine x3  
  104  9:24  Marauder  
  104  9:29  Viking x2  
  86  9:41  Orbital Command  
  84  9:48  Ghost x2  
  84  9:50  Marauder, Marine x3  
  90  9:56  Marine  
  91  10:17  Ghost  
  91  10:19  Enhanced Shockwaves  
  95  10:25  Medivac  
  97  10:29  Marine x2, Marauder x2  
  97  10:30  Marine  
  97  10:31  Marine  
  103  10:38  Medivac  
  103  10:39  SCV  
  103  10:40  SCV  
  107  10:44  Supply Depot  
  107  10:51  Marauder x2, Marine  
  107  10:52  Marauder  
  107  10:53  Marine  
  107  10:54  Marine  
  116  10:58  Viking  
  118  11:08  Viking  
  120  11:16  Marine x4, Marauder x2  
  126  11:28  Marauder  
  128  11:34  Marine  
  128  11:37  Marauder  
  131  11:40  Marauder  
  131  11:51  Marine, Marauder  
  134  11:59  Marauder  
  125  12:01  Marauder  
  125  12:03  Marine, Reaper  
  105  12:09  Marine x2  
  80  12:16  Marine  
  80  12:20  Marine  
  80  12:21  Marine  
  60  12:29  Marauder  
  50  12:33  Marine  
  50  12:34  Marauder  
Tags
 
Add a new tag
Caveats
  • Supply blocks, unpowered buildings, or Contaminate may cause inaccurate times.
  • Supply counts are checked every 10 seconds.